 Dungeon Crawl Stone Soup version 0.30.0-11-gf55b779eaf (webtiles) character file.

Game seed: 4336162530928644302

48701 JanusIIV the Basher (level 14, -2/138 HPs)
             Began as a Gargoyle Berserker on May 16, 2023.
             Was a High Priest of Trog.
             Slain by an orc warrior
             ... wielding a +0 long sword
              (7 damage)
             ... on level 1 of the Orcish Mines.
             The game lasted 00:36:40 (15415 turns).

JanusIIV the Basher (Gargoyle Berserker)           Turns: 15415, Time: 00:36:40

Health: -2/138     AC: 31    Str: 29    XL:     14   Next: 47%
Magic:  14/14      EV: 10    Int: 14    God:    Trog [*****.]
Gold:   200        SH:  4    Dex: 12    Spells: 13/13 levels left

rFire   . . .        M - +0 morningstar
rCold   . . .        T - +1 buckler "Texzath" {Rampage}
rNeg    + + .        V - +0 plate armour
rPois   ∞            Q - +0 helmet "Beohasil" {Rampage Str+3 Int+6 Dex+3}
rElec   +            s - scarf {shadows}
rCorr   .            u - +0 pair of gloves
SInv    +            F - +1 pair of boots {rampage}
Will    +....        g - amulet of regeneration Stlth
                     f - ring of see invisible
HPRegen 1.23/turn    h - ring of positive energy
MPRegen 0.14/turn

%: rampage
@: berserking, spiked, flying, studying Shields, very quick
A: sickness immunity, AC +10, big wings, negative energy resistance 1,
electricity resistance, torment resistance 1, petrification resistance
a: Renounce Religion, Berserk, Trog's Hand, Brothers in Arms


You were on level 1 of the Orcish Mines.
You worshipped Trog.
Trog was extremely pleased with you.
You visited 3 branches of the dungeon, and saw 17 of its levels.
You visited the Abyss 1 time.
You also visited: Sewer.

You collected 1240 gold pieces.
You spent 1040 gold pieces at shops.

Inventory:

Hand Weapons
 M - a +0 morningstar (weapon)
Missiles
 N - 7 silver javelins (quivered)
Armour
 s - a scarf of shadows (worn)
 u - a +0 pair of gloves (worn)
 F - a +1 pair of boots of rampaging (worn)
 Q - the +0 helmet "Beohasil" (worn) {Rampage Str+3 Int+6 Dex+3}
   (You found it on level 3 of the Lair of Beasts)

   Str:       It affects your strength (+3).
   Int:       It affects your intelligence (+6).
   Dex:       It affects your dexterity (+3).
   Rampage:   It bestows one free step when moving towards enemies.
 T - the +1 buckler "Texzath" (worn) {Rampage}
   (You found it on level 2 of the Lair of Beasts)

   Rampage:   It bestows one free step when moving towards enemies.
 V - a +0 plate armour (worn)
Jewellery
 c - an amulet of the acrobat
 f - a ring of see invisible (left hand)
 g - an amulet of regeneration (around neck)
 h - a ring of positive energy (right hand)
 m - a ring of protection from cold
 O - a ring of resist corrosion
Wands
 z - a wand of roots (13)
 H - a wand of flame (43)
 S - a wand of paralysis (5)
 W - a wand of acid (4)
Scrolls
 b - a scroll of magic mapping {unknown}
 d - 16 scrolls of identify
 e - 13 scrolls of teleportation
 k - a scroll of vulnerability {unknown}
 n - 2 scrolls of amnesia {unknown}
 o - 6 scrolls of immolation {unknown}
 r - 3 scrolls of fear {unknown}
 t - 2 scrolls of noise {unknown}
 w - 3 scrolls of fog {unknown}
 x - 6 scrolls of enchant armour {unknown}
 y - a scroll of brand weapon {unknown}
 E - 3 scrolls of blinking {unknown}
 I - 4 scrolls of enchant weapon {unknown}
 P - a scroll of summoning {unknown}
 R - a scroll of silence {unknown}
 U - a scroll of poison {unknown}
Potions
 a - 2 potions of berserk rage {unknown}
 i - 3 potions of degeneration {unknown}
 j - 3 potions of cancellation {unknown}
 l - a potion of ambrosia {unknown}
 p - 2 potions of magic {unknown}
 q - 3 potions of flight {unknown}
 v - 4 potions of haste {unknown}
 A - 3 potions of attraction {unknown}
 B - 3 potions of might
 C - 6 potions of curing {unknown}
 D - 3 potions of lignification {unknown}
 G - a potion of brilliance {unknown}
 J - a potion of mutation {unknown}
 K - 2 potions of heal wounds {unknown}
 X - a potion of invisibility {unknown}
Miscellaneous
 L - a lightning rod (2/4)


   Skills:
 - Level 12.0 Fighting
 - Level 14.0 Maces & Flails
 - Level 12.0 Armour
 - Level 8.0 Dodging
 - Level 3.2 Stealth
 + Level 0.6 Shields
 + Level 10.5 Evocations


You had 13 spell levels left.
You didn't know any spells.
Your spell library was empty.

Dungeon Overview and Level Annotations

Branches:
Dungeon (11/15)            Temple (0/1) D:7            Lair (5/5) D:10
 Shoals (0/4) Lair:3        Snake (0/4) Lair:3        Slime (0/5) Lair:5
    Orc (1/2) D:10          Sewer (visited)

Altars:
Cheibriados
Makhleb
Vehumet

Shops:
D:3 [*(*!   D:6 :   D:7 [   D:8 *

Annotations:
D:8 2 runed translucent doors
Lair:5 2 runed translucent doors


Innate Abilities, Weirdness & Mutations

You are immune to sickness and miasma.
Your stone body is resilient. (AC +10)
You are immune to poison.
Your large and strong wings let you fly.
You resist negative energy. (rN+)
You are resistant to electric shocks. (rElec)
You are resistant to unholy torment.
You are immune to petrification.


Message History

The orc wizard points at you and mumbles some strange words.
The magic dart hits you but does no damage.
The red devil hits you but does no damage.
Okay, then.
A red film seems to cover your vision as you go berserk!
You feel yourself moving faster!
You feel mighty!
The orc sorcerer becomes larger for a moment.
The orc sorcerer hits you but does no damage.
The orc hits you but does no damage.
The orc wizard hits you but does no damage.
The red devil closely misses you.
You hit the orc sorcerer.
The orc sorcerer is almost dead.
You hit the orc sorcerer.
The orc sorcerer is almost dead.
The orc sorcerer hits you but does no damage.
The orc hits you but does no damage.
The red devil hits you but does no damage.
You hit the orc sorcerer.
The orc sorcerer is almost dead.
The orc sorcerer casts a spell.
The orc hits you but does no damage.
An orc comes into view. It is wielding a +0 club.
The orc shouts!
You hit the orc sorcerer but do no damage.
The orc sorcerer is almost dead.
You hear a shout!
The red devil hits you from afar with a +0 trident!
* * * LOW HITPOINT WARNING * * *
Barbed spikes become lodged in your body.
You thump the orc sorcerer!
You kill the orc sorcerer!
Trog accepts your kill.
Trog appreciates your killing of a magic user.
The red devil disappears in a puff of smoke!
The rust devil disappears in a puff of smoke!
The orc wizard hits you but does no damage.
The orc barely misses you.
The orc warrior hits you with a +0 long sword!
You die...

..........## ..
.ooo.......#...^
..........#.....$.
..................
#................ ..o
##...............
...$#####.............##
......o)).........._...#
......o@.§..............
......o.§...............
.#..........#.#.........
#.........###...<......
#..#.....$.###.#.......
##.#......## #####.....
. .#...#.# ..... ...#
.###


You could see an orc warrior, an orc wizard (invisible) and 2 orcs.

Vanquished Creatures
  Nessos (Lair:4)
  A minotaur (Lair:4)
  3 hydras
  A boulder beetle (Lair:1)
  2 catoblepae (Lair:3)
  2 two-headed ogres
  3 skysharks
  5 lindwurms
  2 harpies (Lair:3)
  An orc sorcerer (Orc:1)
  2 manticores (Lair:3)
  4 black mambas
  Maurice (D:9)
  15 elephants
  3 molten gargoyles (Lair:5)
  A gargoyle (D:7)
  3 rime drakes
  A torpor snail (Lair:4)
  A kobold demonologist (D:9)
  11 cane toads
  11 komodo dragons
  2 trolls
  A hornet (D:8)
  4 polar bears
  10 blink frogs
  6 dream sheep (Lair:4)
  A slime creature (Lair:5)
  4 basilisks (Lair:5)
  A shadow (D:10)
  2 wyverns
  55 yaks
  5 steam dragons
  Menkaure (D:5)
  8 nagas (Lair:3)
  2 acid dragons
  12 water moccasins
  4 hell hounds (Lair:5)
  A sky beast (D:6)
  An ice beast (D:6)
  A black bear (Lair:1)
  2 orc warriors
  13 wolves
  2 ogres (Orc:1)
  9 centaurs
  9 bullfrogs
  A scorpion (D:4)
  9 wights (D:9)
  5 killer bees (D:9)
  A howler monkey (D:8)
  An electric eel (Lair:1)
  4 lava snakes (Lair:5)
  3 hounds
  5 jellies
  An orc priest (D:10)
  An iguana (D:7)
  Ijyb (D:5)
  4 orc wizards
  6 hell rats
  12 adders
  3 river rats (Sewer)
  A shadow imp (D:7)
  4 white imps
  2 ufetubi
  7 worms
  5 dart slugs
  16 orcs
  5 bats
  9 endoplasms
  5 giant cockroaches
  4 goblins
  4 hobgoblins
  7 jackals
  10 kobolds
  3 quokkas
  6 ball pythons
  2 frilled lizards
  14 rats
391 creatures vanquished.

Vanquished Creatures (collateral kills)
  2 dream sheep (Lair:4)
2 creatures vanquished.

Grand Total: 393 creatures vanquished

Notes
Turn   | Place    | Note
-------+----------+-------------------------------------------
     0 | D:1      | JanusIIV the Gargoyle Berserker began the quest for the
                  | Orb.
     0 | D:1      | Reached XP level 1. HP: 14/14 MP: 1/1
   398 | D:1      | Reached XP level 2. HP: 20/20 MP: 2/2
   485 | D:1      | Found a faded altar of an unknown god.
   797 | D:2      | Reached XP level 3. HP: 24/24 MP: 3/3
   834 | D:2      | Reached ** piety under Trog
   908 | D:2      | Reached XP level 4. HP: 30/30 MP: 4/4
  1070 | D:2      | Reached skill level 4 in Maces & Flails
  1090 | D:2      | Found a radiant altar of Vehumet.
  1640 | D:3      | Found Degeoq's General Store.
  1877 | D:3      | Found Laavvu Asyr's Distillery.
  2087 | D:3      | Found Vurphoih's Weapon Emporium.
  2100 | D:3      | Found Ciucvec's Armour Shop.
  2396 | D:3      | Found Teus's General Store.
  2458 | D:3      | Reached XP level 5. HP: 34/34 MP: 5/5
  2636 | D:4      | Reached *** piety under Trog
  2653 | D:4      | Reached skill level 5 in Fighting
  2653 | D:4      | Reached skill level 5 in Maces & Flails
  3167 | D:5      | Entered Level 5 of the Dungeon
  3167 | D:5      | Noticed Menkaure
  3171 | D:5      | Killed Menkaure
  3172 | D:5      | Reached XP level 6. HP: 40/40 MP: 6/6
  3207 | D:5      | Noticed a yak
  3207 | D:5      | Noticed a yak
  3207 | D:5      | Noticed a yak
  3217 | D:5      | Noticed a yak
  3219 | D:5      | Noticed a yak
  3220 | D:5      | Noticed a yak
  3221 | D:5      | Killed a yak
  3222 | D:5      | Reached skill level 6 in Maces & Flails
  3222 | D:5      | Reached XP level 7. HP: 43/46 MP: 7/7
  3226 | D:5      | Killed a yak
  3227 | D:5      | Reached skill level 7 in Maces & Flails
  3233 | D:5      | Killed a yak
  3239 | D:5      | Killed a yak
  3240 | D:5      | Reached skill level 8 in Maces & Flails
  3240 | D:5      | Reached XP level 8. HP: 51/51 MP: 8/8
  3243 | D:5      | Killed a yak
  3314 | D:5      | Killed a yak
  3315 | D:5      | Reached skill level 9 in Maces & Flails
  3432 | D:5      | Found a glowing drain.
  3436 | Sewer    | Entered a sewer
  3814 | D:5      | Noticed Ijyb
  3823 | D:5      | Killed Ijyb
  3919 | D:5      | You fall into a shaft and drop 3 floors!
  3926 | D:8      | Noticed a two-headed ogre
  3935 | D:8      | Noticed a hornet
  3939 | D:8      | Killed a two-headed ogre
  3940 | D:8      | Reached skill level 11 in Maces & Flails
  3940 | D:8      | Reached XP level 9. HP: 40/55 MP: 9/9
  3947 | D:8      | Killed a hornet
  3981 | D:8      | Found Qitao's Gadget Gallery.
  4022 | D:7      | Found a staircase to the Ecumenical Temple.
  4207 | D:6      | Reached skill level 12 in Maces & Flails
  4248 | D:6      | Found Duag Woas's Self-Improvement Boutique.
  4766 | D:6      | Identified the +5 hand axe of Uskayaw's Supremacy {protect,
                  | rElec rPois Int+2}
  4773 | D:6      | Identified the +0 robe of Shielding {Contam Fly rPois}
  4780 | D:6      | Reached **** piety under Trog
  5179 | D:7      | Noticed a gargoyle
  5193 | D:7      | Killed a gargoyle
  5276 | D:7      | Found Mezugocs's Antique Armour Boutique.
  5623 | D:7      | Reached skill level 5 in Armour
  5623 | D:7      | Reached XP level 10. HP: 37/63 MP: 10/10
  6203 | D:8      | Found a runed translucent door.
  6653 | D:8      | Found a runed translucent door.
  6964 | D:9      | Noticed Maurice
  7004 | D:9      | Killed Maurice
  7009 | D:9      | Reached skill level 1 in Stealth
  7516 | D:9      | Reached skill level 5 in Dodging
  7516 | D:9      | Reached XP level 11. HP: 61/68 MP: 11/11
  8004 | D:10     | Entered Level 10 of the Dungeon
  8146 | D:10     | Found a staircase to the Orcish Mines.
  8234 | D:10     | Found a snail-covered altar of Cheibriados.
  8348 | D:10     | Noticed a two-headed ogre
  8357 | D:10     | Killed a two-headed ogre
  8500 | D:10     | Reached ***** piety under Trog
  8525 | D:10     | Found a staircase to the Lair.
  8842 | D:11     | Reached skill level 13 in Maces & Flails
  8895 | D:11     | Noticed a cyclops
  8946 | Lair:1   | Entered Level 1 of the Lair of Beasts
  9131 | Lair:1   | Reached skill level 14 in Maces & Flails
  9425 | Lair:1   | Reached XP level 12. HP: 76/76 MP: 12/12
  9878 | Lair:2   | Reached skill level 10 in Fighting
  9994 | Lair:2   | You fall into a shaft and drop 2 floors!
  9994 | Lair:4   | Noticed a minotaur
 10001 | Lair:4   | Killed a minotaur
 10166 | Lair:4   | Found a runed translucent door.
 10244 | Lair:4   | Noticed a four-headed hydra
 10254 | Lair:4   | Killed a four-headed hydra
 10280 | Lair:4   | Noticed Nessos
 10305 | Lair:4   | Killed Nessos
 10340 | Lair:4   | Noticed a six-headed hydra
 10348 | Lair:4   | Killed a six-headed hydra
 10493 | Lair:3   | Identified the +0 helmet "Beohasil" {Rampage Str+3 Int+6
                  | Dex+3}
 10548 | Lair:3   | Reached skill level 10 in Armour
 10665 | Lair:3   | Found a staircase to the Shoals.
 10698 | Lair:3   | Reached XP level 13. HP: 27/86 MP: 13/13
 10700 | Abyss:1  | Cast into level 1 of the Abyss (naga)
 10780 | Lair:3   | Escaped the Abyss
 11084 | Lair:3   | Identified the +2 cloak "Goibih" {+Inv rElec}
 11316 | Lair:3   | Found a staircase to the Snake Pit.
 11575 | Lair:3   | Reached skill level 1 in Evocations
 11822 | Lair:4   | Received a gift from Trog
 12195 | Lair:2   | Identified the +1 buckler "Texzath" {Rampage}
 12290 | Lair:2   | Reached skill level 5 in Evocations
 12789 | Lair:4   | Identified the +0 hand axe of Arrival {speed, rPois rF+
                  | Will+ Dex-4}
 13211 | Lair:5   | Entered Level 5 of the Lair of Beasts
 13244 | Lair:5   | Gained mutation: Your large and strong wings let you fly.
                  | [Gargoyle growth]
 13244 | Lair:5   | Reached XP level 14. HP: 85/92 MP: 14/14
 14121 | Lair:5   | Found a large runed translucent door.
 14122 | Lair:5   | Found a large runed translucent door.
 14227 | Lair:5   | Found a staircase to the Slime Pits.
 14390 | Lair:5   | Reached skill level 10 in Evocations
 15243 | D:6      | Bought a manual of Shields for 1040 gold pieces
 15362 | Orc:1    | Entered Level 1 of the Orcish Mines
 15362 | Orc:1    | Found a burning altar of Makhleb.
 15403 | Orc:1    | Paralysed by an orc sorcerer for 5 turns
 15414 | Orc:1    | HP: 5/138 [red devil/+0 trident[an orc warlord] (12)]
 15415 | Orc:1    | Slain by an orc warrior

Illustrated notes

Levels and vault maps discovered:
D:1:      dpeg_arrival_stone_temple_mockup, layout_loops_ring,
          ebering_ecumenical_altar_sacrificial
D:2:      layout_basic, basic_altar
D:3:      minmay_chambers_of_threes, layout_loops_corners, serial_shops,
          nicolae_shop_real_fake_doors, shop, shop,
          nicolae_shop_advertising_works [nicolae_subvault_shop_adworks],
          nicolae_shop_tiny_real_fake_doors, chequers_serial_rivers_large_a,
          grunt_ministairs_11, bh_walls_and_bars
D:4:      cheibrodos_old_hovel, layout_rooms
D:5:      layout_basic, gup_sewer_entry_spiral, uniq_menkaure, uniq_ijyb
D:6:      layout_gridville, nicolae_shop_self_help
D:7:      layout_basic, minmay_temple_entry_grid, serial_shops, shop
D:8:      cheibrodos_histonic, layout_gridville, nicolae_shop_gadgets
D:9:      layout_loops_ring, uniq_maurice
D:10:     layout_irregular_city, kennysheep_slug_shrine, lair_entry_dummy,
          orc_0_dummy
D:11:     layout_rooms, hangedman_ranch
Lair:1:   layout_misc_corridors, nicolae_quartered_pool_little,
          infiniplex_staircase_pool_2
Lair:2:   layout_chaotic_city, beast_lair_carwin_9, grunt_megastairs_3
Lair:3:   nzn_motion_control, layout_chaotic_city, nicolae_shoals_entry_roost,
          minmay_snake_entry_guardpost_medium, nicolae_lair_lindhole
Lair:4:   dreamdust_labyrinth, layout_concentric_octagons, uniq_nessos
Lair:5:   cheibrodos_lair_end_hotspot, layout_gridlike,
          minmay_slime_entry_pillars
Orc:1:    layout_diamond_mine, basic_altar

Skill      XL: |  1  2  3  4  5  6  7  8  9 10 11 12 13 14 |
---------------+-------------------------------------------+-----
Fighting       | 4 5 6 7 8 9 12 | 12.0
Maces & Flails | 4 5 6 8 11 12 14 | 14.0
Armour         | 5 8 10 12 | 12.0
Dodging        | 5 6 8 |  8.0
Stealth        | 3 |  3.2
Evocations     | 7 10 | 10.5
Shields        | |  0.6

Action                     |  1- 3 |  4- 6 |  7- 9 | 10-12 | 13-15 || total
---------------------------+-------+-------+-------+-------+-------++-------
  Melee: Mace              |   110 |    24 |       |       |       ||   134
         Flail             |       |   131 |   305 |   406 |       ||   842
         Punch             |       |       |     2 |    14 |     6 ||    22
         Morningstar       |       |       |       |   344 |   725 ||  1069
 Invoke: Berserk           |       |     1 |     5 |     7 |     7 ||    20
         Brothers in Arms  |       |       |       |     1 |       ||     1
  Evoke: Wand              |       |       |     1 |     4 |     4 ||     9
         Lightning rod     |       |       |       |     3 |     8 ||    11
    Use: Potion            |       |       |       |     1 |       ||     1
         Scroll            |       |       |       |       |     2 ||     2
   Stab: Petrifying        |       |       |       |       |     1 ||     1
         Petrified         |       |       |       |       |     1 ||     1
 Armour: Chain mail        |    72 |   105 |   133 |   526 |   172 ||  1008
         Animal skin       |     2 |       |       |       |       ||     2
         Plate armour      |       |       |       |       |   356 ||   356
  Dodge: Dodged            |    48 |    47 |   110 |   402 |   408 ||  1015
  Block: Buckler           |       |       |       |       |    94 ||    94
